 Dungeon Crawl Stone Soup version 0.23-a0-183-gf37f6fb109 (webtiles) character file.

1589134 PikkenKukken the Slayer (level 27, 236/236 HPs)
             Began as a Demonspawn Fighter on Sept 22, 2018.
             Was a High Priest of Okawaru.
             Escaped with the Orb
             ... and 3 runes on Sept 23, 2018!
             The game lasted 03:36:25 (88746 turns).

PikkenKukken the Slayer (Demonspawn Fighter)       Turns: 88746, Time: 03:36:25

Health: 236/236    AC: 56    Str: 30    XL:     27
Magic:  32/32      EV: 18    Int:  6    God:    Okawaru [*****.]
Gold:   6148       SH: 27    Dex: 19    Spells: 26/26 levels left

rFire    + . .     SeeInvis +   g - +9 demon whip (elec)
rCold    + . .     Gourm    .   Z - +3 large shield {reflect}
rNeg     . . .     Faith    .   t - +14 crystal plate armour
rPois    .         Spirit   .   (helmet unavailable)
rElec    +         Reflect  +   i - +3 cloak of Spring Thaw {rElec MR+ Int+4 Dex-2}
rCorr    .         Harm     .   (gloves unavailable)
MR       +++..                  (boots unavailable)
Stlth    ..........             d - amulet "Gokheize" {+Rage Dex+4 Slay+3}
HPRegen  0.49/turn              W - ring "Voam Enusch" {rElec rF+ Int-5 Stlth+}
MPRegen  0.23/turn              S - ring of Robustness {AC+8}

@: no status effects
A: antennae 3, claws 3, hooves 3, agile 1, cold resistance 1, deterioration 1,
dopey 1, passive freeze, powered by pain 3, shaggy fur 1, spiny 3, strong 1,
freezing cloud immunity
0: Orb of Zot
}: 3/15 runes: barnacled, silver, gossamer
a: Heroism, Finesse, Renounce Religion, Evoke Berserk Rage


You escaped.
You worshipped Okawaru.
Okawaru was extremely pleased with you.
You were completely stuffed.

You visited 10 branches of the dungeon, and saw 52 of its levels.
You also visited: Bailey, Volcano and Wizlab.

You collected 7454 gold pieces.
You spent 1306 gold pieces at shops.

Inventory:

Hand Weapons
 g - a +9 demon whip of electrocution (weapon)
 O - a +9 demon whip of flaming
Armour
 i - the +3 cloak of Spring Thaw (worn) {rElec MR+ Int+4 Dex-2}
   (You found it in a wizard's laboratory)

   It affects your intelligence (+4).
   It affects your dexterity (-2).
   It insulates you from electricity.
   It affects your resistance to hostile enchantments.
 j - the +0 cloak "Teowowku" {-Cast rN+ rCorr Dex+4}
   (You found it on level 9 of the Dungeon)

   It affects your dexterity (+4).
   It protects you from negative energy.
   It prevents spellcasting.
   It provides partial protection from all sources of acid and corrosion.
 t - a +14 crystal plate armour (worn)
 I - the +1 cloak of Starlight {rElec rC+ EV+4 Stlth--}
   (You found it in a wizard's laboratory)

   It affects your evasion (+4).
   It protects you from cold.
   It insulates you from electricity.
   It makes you much less stealthy.
 Z - a +3 large shield of reflection (worn)
Jewellery
 d - the amulet "Gokheize" (around neck) {+Rage Dex+4 Slay+3}
   (You took it off a deep elf master archer on level 3 of the Elven Halls)

   [amulet of rage]

   It affects your dexterity (+4).
   It affects your accuracy and damage with ranged weapons and melee attacks
   (+3).
   It lets you go berserk.
 N - a +3 ring of protection
 R - an uncursed ring of positive energy
 S - the ring of Robustness (right claw) {AC+8}
   (You found it on level 6 of the Lair of Beasts)

   [ring of protection]

   It affects your AC (+8).
 W - the ring "Voam Enusch" (left claw) {rElec rF+ Int-5 Stlth+}
   (You found it on level 3 of the Depths)

   [ring of stealth]

   It affects your intelligence (-5).
   It protects you from fire.
   It insulates you from electricity.
   It makes you more stealthy.
Wands
 b - a wand of polymorph (14)
 h - a wand of disintegration (16)
 w - a wand of clouds (6)
 y - a wand of scattershot (12)
 H - a wand of digging (92)
 J - a wand of iceblast (44)
Scrolls
 c - 11 scrolls of teleportation
 k - 4 scrolls of magic mapping
 l - 23 scrolls of remove curse
 n - 5 scrolls of enchant weapon
 o - 7 scrolls of blinking
 r - a scroll of amnesia
 u - 5 scrolls of fear
 x - 3 scrolls of silence
 A - 6 scrolls of summoning
 L - 4 scrolls of fog
 Y - 15 scrolls of identify
Potions
 a - 16 potions of curing
 e - 4 potions of resistance
 m - 2 potions of berserk rage
 q - 16 potions of heal wounds
 v - 10 potions of flight
 z - 6 potions of ambrosia
 B - 6 potions of invisibility
 C - 3 potions of agility
 K - 3 potions of might
 M - 4 potions of cancellation
 P - 3 potions of haste
 X - 3 potions of mutation
Miscellaneous
 s - a lamp of fire
 E - 4 phantom mirrors
Comestibles
 f - 64 rations


   Skills:
 * Level 23.4 Fighting
 + Level 21.3 Maces & Flails
 - Level 1.5 Throwing
 * Level 23.3 Armour
 + Level 18.2 Dodging
 + Level 18.4 Shields
 - Level 8.4 Invocations
 - Level 12.6 Evocations


You had 26 spell levels left.
You didn't know any spells.
Your spell library contained the following spells:

 Spells                   Type           Power        Failure   Level  Hunger
 Animate Skeleton         Necr           N/A          100%        1    ##.....
 Apportation              Tloc           #.....       100%        1    ##.....
 Confusing Touch          Hex            #.....       100%        1    ##.....
 Corona                   Hex            #......      100%        1    ##.....
 Flame Tongue             Conj/Fire      #....        100%        1    ##.....
 Freeze                   Ice            #...         100%        1    ##.....
 Magic Dart               Conj           #...         100%        1    ##.....
 Pain                     Necr           #...         100%        1    ##.....
 Sandblast                Erth           #.....       100%        1    ##.....
 Sting                    Conj/Pois      #...         100%        1    ##.....
 Summon Butterflies       Summ           #.......     100%        1    ##.....
 Summon Small Mammal      Summ           #...         100%        1    ##.....
 Blink                    Tloc           N/A          100%        2    ###....
 Call Imp                 Summ           #.......     100%        2    ###....
 Corpse Rot               Necr           N/A          100%        2    ###....
 Ensorcelled Hibernation  Hex/Ice        #.....       100%        2    ###....
 Passwall                 Tmut/Erth      #.......     100%        2    ###....
 Poisonous Vapours        Pois/Air       #.....       100%        2    ###....
 Searing Ray              Conj           #.....       100%        2    ###....
 Shroud of Golubria       Chrm/Tloc      #.........   100%        2    ###....
 Slow                     Hex            #.......     100%        2    ###....
 Swiftness                Chrm/Air       #.......     100%        2    ###....
 Throw Flame              Conj/Fire      #.....       100%        2    ###....
 Throw Frost              Conj/Ice       #.....       100%        2    ###....
 Confuse                  Hex            #.......     100%        3    ####...
 Conjure Flame            Conj/Fire      #.......     100%        3    ####...
 Dazzling Spray           Conj/Hex       #.....       100%        3    ####...
 Gell's Gravitas          Tloc           #.........   100%        3    ####...
 Inner Flame              Hex/Fire       #.......     100%        3    ####...
 Lesser Beckoning         Tloc           #.........   100%        3    ####...
 Mephitic Cloud           Conj/Pois/Air  #.......     100%        3    ####...
 Ozocubu's Armour         Chrm/Ice       #.......     100%        3    ####...
 Portal Projectile        Hex/Tloc       #.....       100%        3    ####...
 Recall                   Summ/Tloc      N/A          100%        3    ####...
 Regeneration             Chrm/Necr      #.........   100%        3    ####...
 Static Discharge         Conj/Air       #.......     100%        3    ####...
 Stone Arrow              Conj/Erth      #.....       100%        3    ####...
 Tukima's Dance           Hex            #.......     100%        3    ####...
 Vampiric Draining        Necr           #.........   100%        3    ####...
 Animate Dead             Necr           N/A          100%        4    #####..
 Cause Fear               Hex            #.........   100%        4    #####..
 Force Lance              Conj/Tloc      #.......     100%        4    #####..
 Fulminant Prism          Conj/Hex       #.........   100%        4    #####..
 Ice Form                 Ice/Tmut       #.......     100%        4    #####..
 Iskenderun's Mystic Bla  Conj           #.......     100%        4    #####..
 Leda's Liquefaction      Hex/Erth       #.........   100%        4    #####..
 Olgreb's Toxic Radiance  Pois           #.......     100%        4    #####..
 Petrify                  Tmut/Erth      #.......     100%        4    #####..
 Sticky Flame             Conj/Fire      #.......     100%        4    #####..
 Summon Ice Beast         Ice/Summ       #.......     100%        4    #####..
 Summon Lightning Spire   Summ/Air       #.......     100%        4    #####..
 Throw Icicle             Conj/Ice       #.......     100%        4    #####..
 Alistair's Intoxication  Tmut/Pois      #.......     100%        5    ######.
 Aura of Abjuration       Summ           #.........   100%        5    ######.
 Bolt of Draining         Conj/Necr      #.........   100%        5    ######.
 Bolt of Magma            Conj/Fire/Erth #.........   100%        5    ######.
 Borgnjor's Vile Clutch   Necr/Erth      #.........   100%        5    ######.
 Dispel Undead            Necr           #.......     100%        5    ######.
 Excruciating Wounds      Chrm/Necr      #.........   100%        5    ######.
 Fireball                 Conj/Fire      #.........   100%        5    ######.
 Irradiate                Conj/Tmut      #.........   100%        5    ######.
 Iskenderun's Battlesphe  Conj/Chrm      #.......     100%        5    ######.
 Lee's Rapid Deconstruct  Erth           #.........   100%        5    ######.
 Lightning Bolt           Conj/Air       #.........   100%        5    ######.
 Metabolic Englaciation   Hex/Ice        #.........   100%        5    ######.
 Silence                  Hex/Air        #.........   100%        5    ######.
 Summon Demon             Summ           #.........   100%        5    ######.
 Summon Forest            Summ/Tloc      #.........   100%        5    ######.
 Summon Mana Viper        Hex/Summ       #.......     100%        5    ######.
 Venom Bolt               Conj/Pois      #.........   100%        5    ######.
 Yara's Violent Unravell  Hex/Tmut       #.........   100%        5    ######.
 Bolt of Cold             Conj/Ice       #.........   100%        6    #######
 Bolt of Fire             Conj/Fire      #.........   100%        6    #######
 Conjure Ball Lightning   Conj/Air       #.........   100%        6    #######
 Darkness                 Hex            #.........   100%        6    #######
 Death Channel            Necr           #.........   100%        6    #######
 Deflect Missiles         Chrm/Air       #.........   100%        6    #######
 Freezing Cloud           Conj/Ice/Air   #.........   100%        6    #######
 Hydra Form               Tmut           #.........   100%        6    #######
 Invisibility             Hex            #.......     100%        6    #######
 Iron Shot                Conj/Erth      #.........   100%        6    #######
 Ozocubu's Refrigeration  Ice            #.........   100%        6    #######
 Poison Arrow             Conj/Pois      #.........   100%        6    #######
 Shadow Creatures         Summ           N/A          100%        6    #######
 Simulacrum               Ice/Necr       #.........   100%        6    #######
 Statue Form              Tmut/Erth      #........    100%        6    #######
 Dragon Form              Tmut           #.........   100%        7    #######
 Ring of Flames           Chrm/Fire      #.........   100%        7    #######
 Summon Hydra             Summ           #.........   100%        7    #######
 Borgnjor's Revivificati  Necr           #.........   100%        8    #######
 Chain Lightning          Conj/Air       #.........   100%        8    #######
 Controlled Blink         Tloc           N/A          100%        8    #######
 Discord                  Hex            #.........   100%        8    #######
 Ignition                 Fire           #.........   100%        8    #######
 Lehudib's Crystal Spear  Conj/Erth      #.........   100%        8    #######
 Dragon's Call            Summ           #.........   100%        9    #######
 Fire Storm               Conj/Fire      #.........   100%        9    #######
 Glaciate                 Conj/Ice       #.........   100%        9    #######
 Shatter                  Erth           #.........   100%        9    #######
 Tornado                  Air            #.........   100%        9    #######
 Passage of Golubria      Tloc           Unusable     N/A         4    N/A

Dungeon Overview and Level Annotations

Branches:
Dungeon (15/15)            Temple (0/1) D:5            Lair (6/6) D:9
 Shoals (4/4) Lair:3       Spider (4/4) Lair:3        Slime (0/5) Lair:5
    Orc (2/2) D:10            Elf (3/3) Orc:2        Vaults (5/5) D:13
  Crypt (3/3) Vaults:2       Tomb (0/3) Crypt:3      Depths (5/5) D:15
    Zot (5/5) Depths:5

Altars:
Dithmenos
Fedhas
Kikubaaqudgha
Nemelex Xobeh
Okawaru
Qazlal
Sif Muna
Yredelemnul
Beogh
Jiyva
Lugonu

Shops:
D:12 ?   D:14 (   Orc:1 [   Orc:2 *=*[(   Elf:2 (   Elf:3 }=}   Shoals:3 ?
Vaults:2 ?   Vaults:4 }   Depths:2 *

Portals:
Hell: Depths:1 Depths:3 Depths:4 Depths:5
Abyss: Depths:3 Depths:4
Pandemonium: Depths:1 Depths:3 Depths:5
Ziggurat: Depths:5

Annotations:
Lair:1 exclusion: oklob plant
Shoals:2 1 runed door, Jesh's ghost, adept SpEn
Spider:1 exclusion: Roxanne, Roxanne
Depths:2 , 1 transporter


Innate Abilities, Weirdness & Mutations

You have a pair of large antennae on your head. (SInv)
You have claws for hands.
You have hooves in place of feet.
Your flesh is cold resistant. (rC+)
A frigid envelope surrounds you and freezes all who hurt you.
You are powered by pain.
You are completely covered in sharp spines.
You are immune to freezing clouds.
You are agile. (Dex +2)
Your body sometimes deteriorates upon taking damage.
You are dopey. (Int -2)
You are covered in fur. (AC +1)
Your muscles are strong. (Str +2)


Message History

There is an open door here.
There is a stone staircase leading up here.
You climb upwards.
There is a stone staircase leading down here.
There is a stone staircase leading up here.
You climb upwards.
There is a stone staircase leading down here.
There is a stone staircase leading up here.
You climb upwards.
There is a stone staircase leading down here.
Evoke which item? (* to show all) (? for menu, Esc to quit)
Aiming: Dig
Press: ? - help, Shift-Dir - straight line Digging in that direction won't affect any walls.
A tree.
This square is covered in magical glow.
Digging in that direction won't affect any walls.
Okay, then.
There is a staircase leading out of the dungeon here.
You have escaped!

.# #..###.#.##..........#........
.# #......#..#..#.......#...##.#.
.# ##.######.#.....###..#........
.####.# #......................
......#####..♣♣♣♣♣♣♣♣♣.......#.##
.##......#..♣..PP..PP♣.......#...
.##.........♣...P..PP♣..#........
.##......##.♣P...PP..♣.....>.....
............♣PP.@.P..♣..#.#..#.).
............♣..P...PP♣...........
............♣..PP...P♣....#####..
............♣PP..P...♣.##.#######
............♣PP..PP..♣.#####.....
.)...##...#.♣♣♣♣♣♣♣♣♣..# ##+##.#
.....##.).#............# #......
.....##...############## #......
.....##...# #......


There were no monsters in sight!

Vanquished Creatures
  4 orbs of fire (Zot:5)
  A juggernaut (Depths:5)
  8 ancient liches
  Margery (Depths:3)
  Saint Roka (Orc:2)
  2 Killer Klowns (Zot:5)
  4 caustic shrikes
  5 curse toes
  Nikola (Spider:1)
  2 bone dragons
  10 golden dragons
  2 electric golems (Zot:5)
  13 tentacled monstrosities
  A lich (Depths:4)
  7 quicksilver dragons
  A moon troll (WizLab)
  Asterion (Elf:2)
  23 Orb Guardians
  2 deep elf blademasters (Elf:3)
  5 death cobs
  8 titans
  2 acid blobs (Depths:5)
  The ghost of Dusimeh the Severer, an adept HOFi of Beogh (Elf:1)
  8 tentacled starspawn (WizLab)
  A kraken (Shoals:1)
  2 deep elf master archers (Elf:3)
  8 sphinxes
  Frances (Shoals:2)
  2 ancient champions (Crypt:1)
  Donald (Elf:2)
  4 draconian monks
  17 shadow dragons
  12 storm dragons
  9 tengu reavers
  15 fire giants
  3 revenants (Crypt:3)
  10 frost giants
  An azure jelly (Depths:5)
  17 vault wardens
  9 deep elf sorcerers
  2 draconian knights (Zot:2)
  5 draconian scorchers
  2 emperor scorpions
  4 curse skulls
  4 draconian stormcallers
  6 ghost moths
  3 ghouls
  6 spriggan defenders (Depths:4)
  An orc warlord (Orc:1)
  52 very ugly things
  5 draconian shifters
  17 ironheart preservers
  8 draconian annihilators
  A reaper (Crypt:3)
  A cacodemon (WizLab)
  12 deep elf elementalists
  17 stone giants
  The ghost of Ablot the Thaumaturge, a journeyman GnSk of Okawaru (D:15)
  2 war gargoyles (Vaults:5)
  6 green draconians
  The ghost of Waci the Unseen, a journeyman SpEn of Dithmenos (Elf:1)
  The ghost of Piefiygh the Unseen, a journeyman SpEn of Dithmenos (Elf:1)
  17 vampire knights
  Azrael (Orc:1)
  A caustic shrike skeleton (Crypt:1)
  7 entropy weavers
  10 deep elf annihilators
  7 white draconians
  9 black draconians
  2 deep elf demonologists
  4 yellow draconians
  11 red draconians
  2 spark wasps
  3 purple draconians
  12 ettins
  4 merfolk javelineers
  5 deep elf death magi
  Snorg (Lair:3)
  14 jiangshi
  2 death oozes (Depths:5)
  3 merfolk impalers
  2 eidola
  A crystal guardian (WizLab)
  10 great orbs of eyes
  14 fire dragons
  Josephine (Orc:1)
  9 deep elf high priests
  Erolcha (Orc:2)
  15 yaktaur captains
  32 vault guards
  10 hydras
  An ice dragon (shapeshifter) (Depths:4)
  3 ghost crabs (Elf:1)
  6 spriggan air magi
  2 catoblepae
  9 ice dragons
  4 rakshasas
  The ghost of MirrMurr the Spear-Bearer, a journeyman OpBe of Trog (D:11)
  2 satyrs (Shoals:3)
  2 merfolk avatars
  6 death knights
  8 deep troll earth magi
  A satyr (shapeshifter) (Vaults:5)
  34 dancing weapons
  3 deep troll shamans
  4 alligator snapping turtles
  10 centaur warriors
  24 two-headed ogres
  7 vampire magi
  A hell hog (Volcano)
  7 ogre magi
  3 merfolk aquamancers
  11 tengu warriors
  Urug (Lair:4)
  A spriggan berserker (Depths:4)
  An orc high priest (Orc:2)
  8 hell knights
  A shock serpent (shapeshifter) (Vaults:2)
  A soul eater (D:15)
  The ghost of P0WERM0DE the Cleaver, a novice DDFi of Xom (D:9)
  A storm dragon zombie (Crypt:3)
  25 deep elf knights
  3 shadow wraiths
  A fire crab (shapeshifter) (Depths:4)
  A wretched star (WizLab)
  7 sea snakes
  3 storm dragon skeletons
  An iron giant zombie (Crypt:2)
  An iron troll (Depths:1)
  22 skeletal warriors
  18 deep trolls
  5 golden dragon zombies (Crypt:3)
  An orange crystal statue (WizLab)
  6 unseen horrors
  A glowing orange brain (shapeshifter) (Depths:4)
  10 glowing orange brains
  An infernal demonspawn (Depths:5)
  An anaconda skeleton (Crypt:1)
  11 flayed ghosts
  A shadow dragon zombie (Crypt:3)
  6 wizards
  18 deep elf archers
  A harpy (shapeshifter) (Depths:4)
  18 ironbrand convokers
  33 harpies
  11 phantasmal warriors
  11 orc knights
  7 necromancers
  15 cyclopes
  A shining eye (Depths:2)
  47 ugly things
  An iron dragon zombie (Crypt:3)
  16 orb spiders
  9 manticores
  46 wolf spiders
  A tengu skeleton (Elf:1)
  3 frost giant zombies
  18 fauns
  3 elephants (Lair:6)
  4 orc sorcerers
  76 deep elf magi
  A fire giant zombie (Crypt:1)
  An iron dragon skeleton (Crypt:2)
  A stone giant zombie (Crypt:3)
  25 moths of wrath
  2 rust devils
  A black mamba (shapeshifter) (Vaults:4)
  5 water nymphs
  8 eyes of devastation
  A frost giant skeleton (Crypt:2)
  3 torpor snails (Spider:1)
  3 black mambas
  A smoke demon (Depths:5)
  9 apocalypse crabs (Zot:2)
  13 vault sentinels
  A stone giant skeleton (Crypt:3)
  13 merfolk sirens
  2 gargoyles
  Maurice (Orc:1)
  2 spiny frogs (shapeshifter)
  A titan simulacrum (Elf:1)
  An elf zombie (Depths:3)
  12 spiny frogs
  A hellion (Depths:5)
  A white draconian zombie (Crypt:3)
  2 ice devils
  3 rime drakes
  An efreet (D:15)
  11 freezing wraiths
  A hellwing (Depths:5)
  A yaktaur (shapeshifter) (Vaults:5)
  2 kobold demonologists
  A komodo dragon (shapeshifter) (Depths:4)
  A tormentor (Depths:1)
  5 komodo dragons
  An elf skeleton (Depths:3)
  10 demonic crawlers
  12 starcursed masses (WizLab)
  51 yaktaurs
  2 minotaur skeletons
  A queen bee (shapeshifter) (Depths:1)
  3 meliai
  28 jumping spiders
  6 wind drakes
  4 tengu conjurers
  A hydra zombie (Crypt:1)
  4 polar bears
  25 merfolk
  A harpy skeleton (D:15)
  A shadow dragon simulacrum (Elf:1)
  9 large abominations
  A tengu simulacrum (Vaults:3)
  4 tyrant leeches
  A troll (D:9)
  A raiju (shapeshifter) (Depths:3)
  13 hornets
  14 blink frogs
  Grinder (D:3)
  A bog body (Crypt:3)
  A blink frog (shapeshifter) (Vaults:3)
  10 hippogriffs
  2 spectral guardian serpents (Crypt:2)
  7 dream sheep
  A jumping spider zombie (Crypt:2)
  A sphinx simulacrum (Depths:3)
  A wind drake (shapeshifter) (Depths:5)
  11 snapping turtles
  42 slime creatures
  An ettin zombie (Crypt:3)
  17 spriggans
  3 flying skulls (Crypt:1)
  A satyr zombie (Crypt:2)
  46 redbacks
  2 air elementals
  16 water elementals
  2 shadows
  A tarantella (shapeshifter) (Depths:1)
  2 spriggan simulacra
  Sigmund (D:3)
  21 vampires
  A spriggan (shapeshifter) (Vaults:2)
  35 tarantellas
  A wyvern (D:11)
  A dire elephant simulacrum (Crypt:1)
  13 wraiths
  A hog (shapeshifter) (Vaults:3)
  26 yaks
  6 basilisks
  4 fire elementals
  6 golden eyes (WizLab)
  A human (D:11)
  A human (shapeshifter) (Depths:4)
  A hungry ghost (D:13)
  4 neqoxecs
  5 vampire mosquitoes (D:15)
  Eustachio (D:6)
  2 steam dragons
  A human simulacrum (Vaults:2)
  4 chaos spawn
  3 wargs
  2 soldier ants (shapeshifter)
  8 small abominations
  2 acid dragons
  3 soldier ants
  A floating eye (shapeshifter) (Depths:4)
  3 hell hounds
  10 water moccasins
  A monstrous demonspawn skeleton (Crypt:3)
  5 ice beasts
  40 orc warriors
  9 porcupines
  6 black bears
  A manticore zombie (Crypt:3)
  4 necrophages
  4 sky beasts
  A snapping turtle zombie (Crypt:3)
  13 boggarts
  A swamp dragon zombie (Crypt:1)
  2 eyes of draining
  An ettin simulacrum (Crypt:1)
  23 ogres
  19 wolves
  11 centaurs
  A manticore skeleton (Crypt:2)
  2 swamp dragon skeletons (Crypt:1)
  23 crocodiles
  20 big kobolds
  12 bullfrogs
  8 earth elementals
  A gnoll sergeant (D:5)
  A yaktaur skeleton (Crypt:1)
  A scorpion (D:6)
  An elf simulacrum (Vaults:2)
  3 killer bees (D:8)
  A yak skeleton (Crypt:3)
  18 wights
  9 electric eels
  5 howler monkeys
  7 crimson imps
  2 centaur zombies
  4 bullfrog zombies
  3 quasits
  3 hounds
  11 jellies
  26 orc priests
  4 bullfrog skeletons
  6 centaur skeletons
  3 gnoll shamans
  A black bear skeleton (Crypt:1)
  2 iguanas
  An iron imp (D:6)
  Natasha (D:3)
  24 orc wizards
  14 worker ants
  A demigod skeleton (Crypt:1)
  A hound skeleton (D:9)
  A worker ant zombie (Crypt:2)
  46 gnolls
  A howler monkey skeleton (Crypt:2)
  13 adders
  A shadow imp (D:12)
  A white imp (Depths:3)
  3 oozes
  An adder zombie (D:8)
  2 adder skeletons
  4 worms
  5 dart slugs (D:1)
  3 leopard geckos
  134 orcs
  5 giant cockroaches
  7 goblins
  7 hobgoblins
  28 jackals
  6 quokkas
  2 ball pythons (D:1)
  A ball python skeleton (Crypt:3)
  A ball python zombie (Crypt:3)
  9 bats
  7 frilled lizards
  19 kobolds
  A kobold skeleton (Crypt:1)
  A quokka skeleton (D:4)
  10 rats
  A crawling corpse (Vaults:5)
  4 plants (Shoals:4)
  5 starspawn tentacles (WizLab)
  3 tentacles (Shoals:1)
2580 creatures vanquished.

Vanquished Creatures (collateral kills)
  A juggernaut (Depths:3)
  A frost giant (Depths:3)
  An iron dragon (Depths:3)
  A fire dragon (Depths:3)
  A hydra (shapeshifter) (Depths:3)
  An ogre mage (Depths:3)
  3 deep troll earth magi (Depths:3)
  2 deep elf magi (Elf:1)
  An air elemental (Elf:1)
12 creatures vanquished.

Vanquished Creatures (others)
  A fire giant (Vaults:4)
  A stone giant (Depths:1)
  A merfolk javelineer (Shoals:4)
  2 yaktaur captains
  A fire dragon (Depths:4)
  A rakshasa (Depths:4)
  2 centaur warriors (Depths:3)
  2 satyrs
  3 deep elf knights
  4 deep elf archers
  7 deep elf magi
  6 fauns
  21 yaktaurs
  A merfolk (Shoals:1)
  A hornet (shapeshifter) (Depths:3)
  A slime creature (D:13)
  A water elemental (Elf:3)
  A fire elemental (Elf:2)
  2 wights (D:11)
  An orc wizard (Orc:1)
  An orc (Orc:2)
  A kobold (D:11)
  2 demonic plants (WizLab)
  22 fungi
  54 plants
  11 starspawn tentacles (WizLab)
  8 tentacles (Shoals:1)
  3 withered plants (Elf:1)
162 creatures vanquished.

Grand Total: 2754 creatures vanquished

Notes
Turn   | Place    | Note
-------+----------+-------------------------------------------
     0 | D:1      | PikkenKukken the Demonspawn Fighter began the quest for the
                  | Orb.
     0 | D:1      | Reached XP level 1. HP: 18/18 MP: 1/1
    36 | D:1      | Gained mutation: You are partially covered in sharp spines.
                  | [demonic ancestry]
    36 | D:1      | Reached XP level 2. HP: 18/24 MP: 2/2
   373 | D:1      | Reached XP level 3. HP: 29/29 MP: 3/3
   804 | D:2      | Noticed an ice beast
   819 | D:2      | Killed an ice beast
   819 | D:2      | Reached skill level 1 in Dodging
   819 | D:2      | Reached XP level 4. HP: 16/36 MP: 4/4
   819 | D:2      | Reached XP level 5. HP: 18/41 MP: 5/5
  1070 | D:2      | Found a deep blue altar of Sif Muna.
  1765 | D:3      | Noticed Sigmund
  1767 | D:3      | Noticed Natasha
  1771 | D:3      | Killed Sigmund
  1771 | D:3      | Reached XP level 6. HP: 39/48 MP: 6/6
  1775 | D:3      | Killed Natasha
  1814 | D:3      | Found a shadowy altar of Dithmenos.
  1865 | D:3      | Noticed Grinder
  2174 | D:3      | Killed Grinder
  2174 | D:3      | Gained mutation: You have large cloven feet. [demonic
                  | ancestry]
  2174 | D:3      | Reached XP level 7. HP: 55/55 MP: 7/7
  2496 | D:4      | Found an iron altar of Okawaru.
  2505 | D:4      | Became a worshipper of Warmaster Okawaru
  2956 | D:4      | Reached skill level 1 in Invocations
  3194 | D:5      | Entered Level 5 of the Dungeon
  3388 | D:5      | Found a staircase to the Ecumenical Temple.
  3592 | D:5      | Reached skill level 5 in Maces & Flails
  3838 | D:5      | Gained mutation: You have a pair of small antennae on your
                  | head. [demonic ancestry]
  3838 | D:5      | Reached XP level 8. HP: 51/61 MP: 9/9
  4121 | D:4      | Reached * piety under Okawaru
  4482 | D:4      | Reached skill level 5 in Fighting
  5390 | D:5      | Found a stormy altar of Qazlal.
  6300 | D:6      | Noticed Eustachio
  6321 | D:6      | Killed Eustachio
  6542 | D:6      | Reached ** piety under Okawaru
  6572 | D:6      | Reached skill level 5 in Armour
  6572 | D:6      | Gained mutation: You are mostly covered in sharp spines.
                  | [demonic ancestry]
  6572 | D:6      | Reached XP level 9. HP: 47/68 MP: 6/12
  7159 | D:7      | Reached skill level 5 in Shields
  7496 | D:7      | Reached skill level 1 in Throwing
  8399 | D:8      | Reached skill level 5 in Invocations
  9287 | D:9      | Noticed P0WERM0DE's ghost (novice DDFi)
  9295 | D:9      | Found a runed door.
  9323 | D:9      | Reached *** piety under Okawaru
  9343 | D:9      | Killed P0WERM0DE's ghost
  9343 | D:9      | Reached XP level 10. HP: 46/76 MP: 8/14
  9431 | D:9      | Reached skill level 5 in Dodging
  9585 | D:9      | Found a staircase to the Lair.
  9677 | D:9      | Got a brightly glowing cloak
  9683 | D:9      | Identified the cursed +0 cloak "Teowowku" {-Cast rN+ rCorr
                  | Dex+4} (You found it on level 9 of the Dungeon)
 10051 | D:10     | Entered Level 10 of the Dungeon
 10195 | D:10     | Got an encrusted whip
 10196 | D:10     | Identified the +5 whip of Uluwuss {slash, *Noise rF+ MR+++
                  | Int-2} (You found it on level 10 of the Dungeon)
 10960 | D:10     | Reached **** piety under Okawaru
 11020 | D:10     | Noticed an orc knight
 11046 | D:10     | Killed an orc knight
 11165 | D:10     | Found a roughly hewn altar of Beogh.
 11165 | D:10     | Found a staircase to the Orcish Mines.
 12585 | Lair:1   | Entered Level 1 of the Lair of Beasts
 12606 | Lair:1   | Noticed a seven-headed hydra
 12616 | Lair:1   | Killed a seven-headed hydra
 12641 | Lair:1   | Found a dark tunnel.
 12648 | Volcano  | Entered a volcano
 12670 | Volcano  | Noticed a hell hog
 12673 | Volcano  | Noticed a two-headed ogre
 12679 | Volcano  | Killed a hell hog
 12679 | Volcano  | Gained mutation: You sometimes gain a little power by
                  | taking damage. [demonic ancestry]
 12679 | Volcano  | Reached XP level 11. HP: 38/82 MP: 7/16
 12691 | Lair:1   | Killed a two-headed ogre
 13086 | Lair:1   | Found a labyrinth entrance.
 13334 | Lair:1   | Reached ***** piety under Okawaru
 13376 | Lair:1   | Noticed an oklob plant
 15615 | Lair:3   | Found a hole to the Spider Nest.
 15615 | Lair:3   | Noticed an orb spider
 15645 | Lair:3   | Received a gift from Okawaru
 15645 | Lair:3   | Reached skill level 1 in Evocations
 15772 | Lair:3   | Noticed Snorg
 15782 | Lair:3   | Killed Snorg
 15889 | Lair:3   | Identified a scroll of acquirement
 15892 | Lair:3   | Got a wavering brass ring
 15893 | Lair:3   | Identified the ring of Zicrusuve {*Corrode +Inv AC+2 Int+9
                  | Stlth+} (You acquired it on level 3 of the Lair of Beasts)
 15977 | Lair:3   | Found a staircase to the Shoals.
 15984 | Lair:3   | Reached skill level 10 in Maces & Flails
 15984 | Lair:3   | Gained mutation: You sometimes gain power by taking damage.
                  | [demonic ancestry]
 15984 | Lair:3   | Reached XP level 12. HP: 81/90 MP: 15/18
 16522 | Lair:4   | Noticed Urug
 16544 | Lair:4   | Killed Urug
 16771 | Lair:4   | Noticed an eight-headed hydra
 16789 | Lair:4   | Killed an eight-headed hydra
 16890 | Lair:4   | Noticed an eight-headed hydra
 16905 | Lair:4   | Killed an eight-headed hydra
 17405 | Lair:5   | Found a staircase to the Slime Pits.
 17762 | Lair:5   | Reached ****** piety under Okawaru
 17762 | Lair:5   | Received a gift from Okawaru
 17821 | Lair:5   | Noticed a five-headed hydra
 17833 | Lair:5   | Killed a five-headed hydra
 18220 | Lair:6   | Entered Level 6 of the Lair of Beasts
 18243 | Lair:6   | Noticed a five-headed hydra
 18261 | Lair:5   | Killed a five-headed hydra
 18358 | Lair:6   | Received a gift from Okawaru
 18713 | Lair:6   | Gained mutation: You are powered by pain. [demonic
                  | ancestry]
 18713 | Lair:6   | Reached XP level 13. HP: 84/99 MP: 8/19
 19276 | Lair:6   | Found a sparkling altar of Nemelex Xobeh.
 19353 | Lair:6   | Received a gift from Okawaru
 19423 | Lair:6   | Reached skill level 5 in Evocations
 19446 | Lair:6   | Got a polished plate armour {god gift}
 19496 | Lair:6   | Identified the +5 plate armour of Volav {*Drain rC+ rN+++
                  | Stlth+} (Okawaru gifted it to you on level 6 of the Lair of
                  | Beasts)
 19795 | Lair:6   | Found the ring of Robustness {AC+8}
 20569 | Orc:1    | Entered Level 1 of the Orcish Mines
 20569 | Orc:1    | Found Geiruvug's Antique Armour Shop.
 20734 | Orc:2    | Entered Level 2 of the Orcish Mines
 20889 | Orc:2    | Noticed Azrael
 21170 | Orc:1    | Killed Azrael
 21297 | Orc:2    | Found Hymeuwi's Jewellery Shoppe.
 21374 | Orc:2    | Found a roughly hewn altar of Beogh.
 21375 | Orc:2    | Found Ryhawiast's General Store.
 21496 | Orc:1    | Noticed Maurice
 21717 | Orc:2    | Received a gift from Okawaru
 21731 | Orc:1    | Reached skill level 10 in Fighting
 22172 | Orc:2    | Noticed Saint Roka
 22299 | Orc:2    | Found a roughly hewn altar of Beogh.
 22320 | Orc:2    | Found a roughly hewn altar of Beogh.
 22361 | Orc:2    | Found a roughly hewn altar of Beogh.
 22378 | Orc:2    | Found Tiku Roc's Assorted Antiques.
 22420 | Orc:2    | Reached XP level 14. HP: 92/108 MP: 20/20
 22466 | Orc:2    | Noticed Josephine
 22488 | Orc:1    | Killed Josephine
 22785 | Orc:2    | Found a roughly hewn altar of Beogh.
 22806 | Orc:2    | Killed Saint Roka
 23059 | Orc:2    | Noticed an orc warlord
 23097 | Orc:1    | Killed an orc warlord
 23136 | Orc:2    | Found Usialer's Antique Weapon Emporium.
 23136 | Orc:2    | Found a roughly hewn altar of Beogh.
 23151 | Orc:2    | Found Ikuweatu's Antique Armour Shoppe.
 23411 | Orc:2    | Noticed Erolcha
 23423 | Orc:2    | Killed Erolcha
 23453 | Orc:2    | Found a staircase to the Elven Halls.
 23509 | Orc:2    | Bought a runed scarf for 168 gold pieces
 23529 | Orc:2    | Found a roughly hewn altar of Beogh.
 23649 | D:11     | Found a runed door.
 23660 | D:11     | Received a gift from Okawaru
 23684 | D:11     | Got a shimmering dire flail {god gift}
 23690 | D:11     | Identified the +5 dire flail "Kyuhejor" {crush, rF++
                  | Stlth+} (Okawaru gifted it to you on level 11 of the
                  | Dungeon)
 23702 | D:11     | Noticed MirrMurr's ghost (journeyman OpBe)
 23735 | D:11     | Killed MirrMurr's ghost
 24750 | D:12     | Received a gift from Okawaru
 25344 | D:12     | Found Ceabure's Magic Scroll Shoppe.
 25349 | D:12     | Bought a scroll of identify for 30 gold pieces
 25349 | D:12     | Bought a scroll of identify for 30 gold pieces
 25825 | D:13     | Reached skill level 10 in Armour
 26342 | D:13     | Gained mutation: You have a pair of antennae on your head.
                  | [demonic ancestry]
 26342 | D:13     | Reached XP level 15. HP: 115/115 MP: 19/21
 26554 | D:13     | Found a gate to the Vaults.
 26677 | D:14     | Found Mosk's Weapon Emporium.
 26748 | D:14     | Found a flagged portal.
 26778 | Bailey   | Entered a bailey
 26895 | Bailey   | Reached skill level 10 in Shields
 27445 | D:14     | Received a gift from Okawaru
 27926 | D:15     | Entered Level 15 of the Dungeon
 27969 | D:15     | Noticed a fire giant
 29052 | D:15     | Found a staircase to the Depths.
 29079 | D:15     | Killed a fire giant
 29418 | D:15     | Reached skill level 10 in Dodging
 29587 | D:15     | Found a runed door.
 29589 | D:15     | Noticed Ablot's ghost (journeyman GnSk)
 29685 | D:15     | Killed Ablot's ghost
 30272 | Shoals:1 | Entered Level 1 of the Shoals
 31168 | Shoals:1 | Noticed a kraken
 31224 | Shoals:1 | Killed a kraken
 31224 | Shoals:1 | Received a gift from Okawaru
 31770 | Shoals:2 | Noticed Frances
 31786 | Shoals:2 | Killed Frances
 31827 | Shoals:2 | Gained mutation: You have a pair of large antennae on your
                  | head. (SInv) [demonic ancestry]
 31827 | Shoals:2 | Reached XP level 16. HP: 125/125 MP: 19/22
 32386 | Shoals:2 | Found a runed door.
 32391 | Shoals:2 | Noticed Jesh's ghost (adept SpEn)
 33546 | Elf:1    | Entered Level 1 of the Elven Halls
 33572 | Elf:1    | Received a gift from Okawaru
 33799 | Elf:1    | Found a deep blue altar of Sif Muna.
 33836 | Elf:1    | Found a runed gate.
 33836 | Elf:1    | Found a runed gate.
 33836 | Elf:1    | Found a runed gate.
 33836 | Elf:1    | Noticed Waci's ghost (journeyman SpEn)
 33836 | Elf:1    | Noticed Piefiygh's ghost (journeyman SpEn)
 33836 | Elf:1    | Noticed Dusimeh's ghost (adept HOFi)
 34322 | Elf:1    | Noticed a bone dragon
 34397 | Elf:1    | Killed a bone dragon
 35174 | Elf:1    | Identified the Disquisition on Evil Magic
 35768 | Elf:1    | Received a gift from Okawaru
 36325 | Elf:2    | Found Zargh's Weapon Shop.
 36538 | Elf:2    | Reached skill level 15 in Maces & Flails
 37247 | Elf:2    | Noticed Asterion
 37278 | Elf:2    | Killed Asterion
 37278 | Elf:2    | Gained mutation: You have hoof-like feet. [demonic
                  | ancestry]
 37278 | Elf:2    | Reached XP level 17. HP: 133/133 MP: 24/24
 37398 | Elf:2    | Found a runed gate.
 37398 | Elf:2    | Found a runed gate.
 37398 | Elf:2    | Found a runed gate.
 37776 | Elf:2    | Noticed Donald
 37826 | Elf:2    | Killed Donald
 37826 | Elf:2    | Received a gift from Okawaru
 37826 | Elf:2    | Reached skill level 10 in Evocations
 38048 | Elf:2    | Gained mutation: You have sharp fingernails. [demonic
                  | ancestry]
 38048 | Elf:2    | Reached XP level 18. HP: 139/139 MP: 25/25
 39409 | Spider:1 | Entered Level 1 of the Spider Nest
 39804 | Spider:1 | Noticed Roxanne
 40085 | Spider:1 | Noticed Nikola
 40114 | Spider:1 | Killed Nikola
 41334 | Shoals:3 | Found Ettapran's Magic Scroll Shop.
 41596 | Shoals:3 | Bought a scroll of silence for 112 gold pieces
 41596 | Shoals:3 | Bought a scroll of teleportation for 45 gold pieces
 41596 | Shoals:3 | Bought 2 scrolls of teleportation for 90 gold pieces
 41596 | Shoals:3 | Bought a scroll of blinking for 112 gold pieces
 41596 | Shoals:3 | Bought a scroll of enchant weapon for 112 gold pieces
 42025 | Shoals:3 | Received a gift from Okawaru
 43712 | Spider:2 | You fall through a shaft!
 44103 | Spider:2 | Gained mutation: You have hooves in place of feet. [demonic
                  | ancestry]
 44103 | Spider:2 | Reached XP level 19. HP: 147/147 MP: 27/27
 45331 | Shoals:4 | Entered Level 4 of the Shoals
 47500 | Shoals:4 | Got a barnacled rune of Zot
 47666 | Shoals:4 | Got a warped sapphire amulet
 47667 | Shoals:4 | Identified the amulet of Nihilism {Inacc rElec rF+ rC-
                  | rN++} (You found it on level 4 of the Shoals)
 47933 | Spider:4 | Entered Level 4 of the Spider Nest
 48630 | Spider:3 | Received a gift from Okawaru
 50570 | Spider:4 | Got a gossamer rune of Zot
 50897 | Vaults:1 | Entered Level 1 of the Vaults
 51833 | Vaults:1 | Reached XP level 20. HP: 154/156 MP: 28/28
 51897 | Vaults:1 | Received a gift from Okawaru
 53411 | Vaults:2 | Found Juggoen's Magic Scroll Shoppe.
 53433 | Vaults:2 | Bought a scroll of enchant armour for 150 gold pieces
 53433 | Vaults:2 | Bought a scroll of teleportation for 60 gold pieces
 53433 | Vaults:2 | Bought a scroll of teleportation for 60 gold pieces
 53433 | Vaults:2 | Bought a scroll of teleportation for 60 gold pieces
 54128 | Vaults:2 | Received a gift from Okawaru
 54314 | Vaults:2 | Found a staircase to the Crypt.
 54314 | Vaults:2 | Found an ancient bone altar of Kikubaaqudgha.
 54315 | Vaults:2 | Found a basalt altar of Yredelemnul.
 55466 | Vaults:3 | Received a gift from Okawaru
 55776 | Vaults:3 | Gained mutation: Your flesh is cold resistant. (rC+)
                  | [demonic ancestry]
 55776 | Vaults:3 | Reached XP level 21. HP: 135/164 MP: 30/30
 56580 | Vaults:3 | Reached skill level 15 in Fighting
 57365 | Elf:3    | Entered Level 3 of the Elven Halls
 57891 | Elf:3    | Reached skill level 15 in Armour
 57955 | Elf:3    | Received a gift from Okawaru
 59078 | Elf:3    | Got a flickering ruby amulet
 59079 | Elf:3    | Identified the amulet "Gokheize" {+Rage Dex+4 Slay+3} (You
                  | took it off a deep elf master archer on level 3 of the
                  | Elven Halls)
 59250 | Elf:3    | Identified the Disquisition on Flames and the Voyage
 59253 | Elf:3    | Identified the Disquisition on Stolen Souls
 59259 | Elf:3    | Identified Nuappos's Guide on the Lucky Oath
 59269 | Elf:3    | Got a slimy mace
 59270 | Elf:3    | Identified the +2 mace of Makhleb's Approval {elec, Int+4}
                  | (You found it on level 3 of the Elven Halls)
 59471 | Elf:3    | Found Uratiachag's Jewellery Shop.
 59472 | Elf:3    | Found Muock's Gadget Shoppe.
 59472 | Elf:3    | Found Sool's Gadget Shoppe.
 59923 | Orc:1    | Killed Maurice
 60008 | D:12     | Bought a scroll of teleportation for 45 gold pieces
 60008 | D:12     | Bought a scroll of enchant armour for 112 gold pieces
 60444 | Vaults:4 | Received a gift from Okawaru
 60476 | Vaults:4 | Gained mutation: You have very sharp fingernails. [demonic
                  | ancestry]
 60476 | Vaults:4 | Reached XP level 22. HP: 175/175 MP: 31/31
 61049 | Vaults:4 | Found Ufuczoz's Gadget Emporium.
 61591 | Depths:1 | Entered Level 1 of the Depths
 61605 | Depths:1 | Found a one-way gate leading to the halls of Pandemonium.
 61678 | Depths:1 | Found a magical portal.
 61703 | WizLab   | Entered Lehudib's Moon Base
 61801 | WizLab   | Found a transporter.
 61995 | WizLab   | Received a gift from Okawaru
 62080 | WizLab   | Gained mutation: You are weak. (Str -2) [a neqoxec]
 62086 | WizLab   | Gained mutation: You occasionally shout uncontrollably at
                  | your foes. [a neqoxec]
 62409 | WizLab   | Lost mutation: You are weak. (Str -2) [potion of mutation]
 62409 | WizLab   | Lost mutation: You occasionally shout uncontrollably at
                  | your foes. [potion of mutation]
 62409 | WizLab   | Gained mutation: Your spells are a little harder to cast,
                  | but a little more powerful. [potion of mutation]
 62409 | WizLab   | Gained mutation: Your muscles are strong. (Str +2) [potion
                  | of mutation]
 62409 | WizLab   | Gained mutation: Your muscles are very strong. (Str +4)
                  | [potion of mutation]
 62409 | WizLab   | Gained mutation: You are agile. (Dex +2) [potion of
                  | mutation]
 62565 | WizLab   | Found the +1 cloak of Starlight {rElec rC+ EV+4 Stlth--}
 62638 | WizLab   | Paralysed by accursed screaming for 1 turns
 62785 | WizLab   | Paralysed by accursed screaming for 1 turns
 63056 | WizLab   | Found a transporter.
 63141 | WizLab   | Lost mutation: You are agile. (Dex +2) [a neqoxec]
 63548 | WizLab   | Received a gift from Okawaru
 63604 | WizLab   | Got a crude cloak
 63606 | WizLab   | Got a twisted plate armour
 63609 | WizLab   | Identified the +3 cloak of Spring Thaw {rElec MR+ Int+4
                  | Dex-2} (You found it in a wizard's laboratory)
 63610 | WizLab   | Identified the +8 plate armour of Somewhere Else {-Cast
                  | rPois MR+} (You found it in a wizard's laboratory)
 64024 | Depths:1 | Found a gateway to Hell.
 64356 | Depths:2 | Found a large runed door.
 64356 | Depths:2 | Found a large runed door.
 64609 | Depths:2 | Found a transporter.
 64614 | Depths:2 | Found a corrupted altar of Lugonu.
 64661 | Depths:2 | Received a gift from Okawaru
 64739 | Depths:2 | Found Koeblaol's General Store.
 64748 | Depths:2 | Bought 2 potions of heal wounds for 120 gold pieces
 64892 | Depths:2 | Noticed a golden dragon
 64933 | Depths:2 | Gained mutation: You have claws for hands. [demonic
                  | ancestry]
 64933 | Depths:2 | Reached XP level 23. HP: 181/187 MP: 32/32
 65429 | Depths:2 | Gained mutation: You are dopey. (Int -2) [a shining eye]
 65430 | Depths:2 | Gained mutation: Scrolls take you a little longer to read.
                  | [a shining eye]
 65436 | Depths:2 | Lost mutation: Your spells are a little harder to cast, but
                  | a little more powerful. [potion of mutation]
 65436 | Depths:2 | Lost mutation: Scrolls take you a little longer to read.
                  | [potion of mutation]
 65436 | Depths:2 | Gained mutation: You are agile. (Dex +2) [potion of
                  | mutation]
 65436 | Depths:2 | Lost mutation: You are dopey. (Int -2) [potion of mutation]
 65436 | Depths:2 | Gained mutation: You are dopey. (Int -2) [potion of
                  | mutation]
 65436 | Depths:2 | Gained mutation: You are covered in fur. (AC +1) [potion of
                  | mutation]
 65780 | Elf:1    | Killed Dusimeh's ghost
 65790 | Elf:1    | Killed Piefiygh's ghost
 65798 | Elf:1    | Killed Waci's ghost
 66146 | Crypt:1  | Entered Level 1 of the Crypt
 66269 | Crypt:1  | Received a gift from Okawaru
 67719 | Crypt:2  | Found an ancient bone altar of Kikubaaqudgha.
 67738 | Crypt:2  | Received a gift from Okawaru
 68176 | Crypt:2  | Got a bloodstained whip
 68177 | Crypt:2  | Identified the cursed +2 whip of Qeun {freeze, Fragile
                  | rPois Str+8 Dex-5} (You found it on level 2 of the Crypt)
 68271 | Crypt:3  | Entered Level 3 of the Crypt
 68287 | Crypt:3  | Reached skill level 15 in Shields
 68580 | Crypt:3  | Found a staircase to the Tomb.
 69133 | Crypt:3  | Reached skill level 15 in Dodging
 69767 | Crypt:3  | Identified Xetaew's Collected Works on Black Secrets
 69902 | Crypt:3  | Received a gift from Okawaru
 70980 | Depths:3 | Gained mutation: You are completely covered in sharp
                  | spines. [demonic ancestry]
 70980 | Depths:3 | Reached XP level 24. HP: 198/198 MP: 32/32
 70987 | Depths:3 | Noticed Margery
 70997 | Depths:3 | Killed Margery
 71205 | Depths:3 | Found a transporter.
 71372 | Depths:3 | Found a runed door.
 71585 | Depths:3 | Found a one-way gate to the infinite horrors of the Abyss.
 71837 | Depths:3 | Found a transporter.
 71940 | Depths:3 | Received a gift from Okawaru
 71944 | Depths:3 | Noticed a juggernaut
 71968 | Depths:3 | Killed a juggernaut
 72396 | Depths:3 | Got a clouded amber ring
 72407 | Depths:3 | Got a flickering bronze ring
 72408 | Depths:3 | Identified the ring "Pukaxale" {rElec rC+} (You found it on
                  | level 3 of the Depths)
 72409 | Depths:3 | Identified the ring "Voam Enusch" {rElec rF+ Int-5 Stlth+}
                  | (You found it on level 3 of the Depths)
 72592 | Depths:4 | Found a blossoming altar of Fedhas.
 72737 | Depths:4 | Received a gift from Okawaru
 73174 | Depths:4 | Found a runed door.
 73174 | Depths:4 | Found a runed door.
 73275 | Depths:4 | Received a gift from Okawaru
 73729 | Depths:4 | Noticed an ancient lich
 73741 | Depths:4 | Killed an ancient lich
 73752 | Depths:4 | Got a wavering ivory ring
 73764 | Depths:4 | Identified the ring "Timokosh" {+Fly rPois Int+4 Dex-5
                  | Stlth+} (You found it on level 4 of the Depths)
 73976 | Depths:4 | Gained mutation: You are immune to freezing clouds.
                  | [demonic ancestry]
 73976 | Depths:4 | Reached XP level 25. HP: 208/208 MP: 32/32
 74380 | Depths:4 | Received a gift from Okawaru
 75449 | Vaults:5 | Entered Level 5 of the Vaults
 75493 | Vaults:5 | Received a gift from Okawaru
 75682 | Vaults:5 | Received a gift from Okawaru
 76249 | Vaults:5 | Gained mutation: A frigid envelope surrounds you and
                  | freezes all who hurt you. [demonic ancestry]
 76249 | Vaults:5 | Reached XP level 26. HP: 144/219 MP: 32/32
 76570 | Vaults:5 | Got a translucent lead ring
 76587 | Vaults:5 | Identified the cursed ring of Ytipn {Str+5 Dex+7 Slay-2}
                  | (You took it off a yaktaur captain on level 5 of the
                  | Vaults)
 76647 | Vaults:5 | Received a gift from Okawaru
 77507 | Vaults:5 | Got a silver rune of Zot
 78440 | Depths:5 | Entered Level 5 of the Depths
 78818 | Depths:5 | Received a gift from Okawaru
 79255 | Depths:5 | Found a gateway to a ziggurat.
 79386 | Depths:5 | Noticed a juggernaut
 79399 | Depths:5 | Killed a juggernaut
 79431 | Depths:5 | Found a viscous altar of Jiyva.
 79812 | Depths:5 | Found a gate to the Realm of Zot.
 80573 | Zot:1    | Entered Level 1 of the Realm of Zot
 81136 | Zot:1    | Reached XP level 27. HP: 177/229 MP: 25/32
 81371 | Depths:5 | Received a gift from Okawaru
 83051 | Zot:2    | Received a gift from Okawaru
 84104 | Zot:2    | Paralysed by you for 4 turns
 84179 | Zot:2    | Paralysed by you for 5 turns
 84616 | Zot:2    | Identified Fibott's Collected Works on Boosts and Cold
 85958 | Zot:5    | Entered Level 5 of the Realm of Zot
 86376 | Zot:5    | Received a gift from Okawaru
 86703 | Zot:5    | Noticed an ancient lich
 86713 | Zot:5    | Killed an ancient lich
 86713 | Zot:5    | Received a gift from Okawaru
 86723 | Zot:5    | Noticed an ancient lich
 86864 | Zot:5    | Killed an ancient lich
 86865 | Zot:5    | Noticed an ancient lich
 86876 | Zot:5    | Killed an ancient lich
 87066 | Zot:5    | Noticed an ancient lich
 87076 | Zot:5    | Killed an ancient lich
 87131 | Zot:5    | Noticed an ancient lich
 87218 | Zot:5    | Killed an ancient lich
 87413 | Zot:5    | Noticed an orb of fire
 87414 | Zot:5    | Lost mutation: Your muscles are very strong. (Str +4) [an
                  | orb of fire]
 87429 | Zot:5    | Killed an orb of fire
 87429 | Zot:5    | Received a gift from Okawaru
 87455 | Zot:5    | Noticed an ancient lich
 87467 | Zot:5    | Killed an ancient lich
 87475 | Zot:5    | Noticed an ancient lich
 87488 | Zot:5    | Killed an ancient lich
 87728 | Zot:5    | Noticed an orb of fire
 87737 | Zot:5    | Noticed an orb of fire
 87753 | Zot:5    | Killed an orb of fire
 87753 | Zot:5    | Received a gift from Okawaru
 87761 | Zot:5    | Killed an orb of fire
 88032 | Zot:5    | Received a gift from Okawaru
 88072 | Zot:5    | Got the Orb of Zot
 88110 | Zot:5    | Noticed an orb of fire
 88123 | Zot:5    | Killed an orb of fire
 88244 | Zot:1    | Gained mutation: Your body sometimes deteriorates upon
                  | taking damage. [a neqoxec]
 88746 | D:$      | Escaped with the Orb!

Vault maps used:
D:1:      scummos_arrival_checkerplants
D:2:      overflow_temple_1_default, first_ration, kennysheep_small_spiral
D:3:      kennysheep_big_flooded_room, nicolae_dithmenos_shadow_blocks,
          uniq_natasha, uniq_sigmund, uniq_grinder
D:4:      grunt_ministairs_15, hangedman_feature_mirror,
          okawaru_ov_weapons_minmay
D:5:      lemuel_castle_with_subvaults, nicolae_qazlal_eye_of_the_storm
D:6:      uniq_eustachio
D:9:      dpeg_oklobed_lair, hellmonk_ghost_happy_afterlife, serial_glass,
          glass_columns_b, glass_columns_b
D:10:     david_orc_5
D:11:     ebering_ghost_reflecting_pool, hangedman_stone_soup
D:12:     serial_shops, kennysheep_little_box, kennysheep_potato
D:13:     david_vaults_5, minmay_joined_circles
D:14:     minmay_misc_feat_tower, serial_shops, shop, enter_bailey_2
D:15:     grunt_enter_depths_giant_problem, skrybe_limestone_x,
          ebering_ghost_funeral_grove
Lair:1:   nicolae_volcano_entry_hallway, lab_entry_generic,
          minmay_lair_oklob_chamber
Lair:3:   elwin_shoals_entry_stream, nicolae_spider_entry_orb_guardian,
          uniq_snorg
Lair:4:   lemuel_fruit_tree, uniq_urug
Lair:5:   minmay_slime_entry_pillars
Lair:6:   minmay_lair_end_enchanted_forest, basic_altar, serial_bayou_shore_b,
          serial_bayou_shore_b, lemuel_fruit_fields
Shoals:1: ldierk_geyser, argonaut_gorgonesque
Shoals:2: ebering_ghost_reflecting_pool, uniq_frances
Shoals:3: serial_shops, shop, nicolae_shoals_water_elemental_grotto
Shoals:4: shoals_end_grunt_garden
Spider:1: uniq_roxanne, uniq_nikola
Spider:3: nicolae_spider_cling_ruins
Spider:4: spider_rune_water, hangedman_stitches_earthworm
Orc:1:    serial_shops, nicolae_shop_stone, uniq_maurice
Orc:2:    grunt_orc_community_town_hall, grunt_orc_community_big_house_1,
          grunt_orc_community_big_house_2, grunt_orc_community_house_3,
          grunt_orc_community_house_1, grunt_orc_community_house_3,
          grunt_orc_community_house_1, serial_shops, shop, uniq_azrael,
          uniq_erolcha, uniq_saint_roka, uniq_josephine
Elf:1:    elf_arrival_002, basic_altar, gammafunk_ghost_cemetery, minivault_28,
          hangedman_research_thanatology
Elf:2:    serial_shops, nicolae_shop_behind_doors, uniq_donald, uniq_asterion
Elf:3:    minmay_elf_hall_statues, minmay_shop_grove
Vaults:1: ontoclasm_vaults_ring_large, ontoclasm_vaults_hangar,
          vaults_room_hallway, st_cross, v_rooms_2, ontoclasm_vaults_shuriken,
          hangedman_vaults_corner_blocks, hangedman_vaults_trim,
          grunt_vaults_focal, vaults_dpeg_encased_lava, vaults_dpeg_diagonal
Vaults:2: hangedman_vaults_hat, v_misc_17, v_misc_2, v_misc_22,
          nicolae_vaults_little_squares_3, v_misc_25,
          minmay_crypt_entry_necro_gods, grunt_vaults_diagonal,
          nicolae_vaults_big_angled_halls, vaults_mumra_minichess_inversion,
          vaults_room_semicircle, nicolae_vaults_diagonal_hallway_9,
          hangedman_vaults_impose, ontoclasm_vaults_decontamination,
          nicolae_vaults_asterisk, stair_cage_open, serial_shops, shop
Vaults:3: vaults_mumra_lcd, ontoclasm_vaults_bender, ontoclasm_vaults_twist,
          v_misc_16, nicolae_vaults_stairing_the_circle,
          hangedman_vaults_capsules, vaults_mumra_hex, hangedman_vaults_slice,
          ontoclasm_vaults_ring_small, hangedman_vaults_maws
Vaults:4: nicolae_vaults_network_periphery, v_misc_15, v_misc_8, v_misc_23,
          v_alt_pattern_4, ontoclasm_vaults_spin,
          vaults_room_grunt_arrival_checkpoint, nicolae_vaults_big_angled_halls,
          grunt_vaults_hallway_short, nicolae_vaults_network_square, v_misc_15,
          vaults_dpeg_ring, ontoclasm_vaults_ring_square,
          nicolae_vaults_display_case, v_misc_29, vaults_mumra_chevron,
          serial_shops, shop
Crypt:2:  basic_altar, nrook_guardian_serpent_ordinary
Crypt:3:  due_elkab, nicolae_tomb_entry_rubble_hallway
Depths:1: hell_entry, pan_entry, hangedman_decor_opposing,
          lightli_enter_wizlab_magi_temple, kennysheep_generic_room_13
Depths:2: gammafunk_corrupted_shrine, serial_shops, shop_statue, hell_entry,
          minmay_tree_intersection, hangedman_eye_storm
Depths:3: gammafunk_dig_for_victory, minmay_room_of_horrors,
          rand_demon_pan_entry_5, grunt_hell_entry_dis_old, wad_hexagon,
          uniq_margery
Depths:4: minmay_the_grid_ultimate, abyss_entry, hell_entry
Depths:5: grunt_zot_entry_gee_three, enter_ziggurat_a, serial_bayou_pond_a,
          special_room, rand_demon_pan_entry_9, serial_column_ruins,
          column_ruins_columns_dead_end, column_ruins_columns_T,
          column_ruins_grid_1, column_ruins_columns_T, hell_entry,
          hangedman_decor_points, minmay_misc_feat_enclosed
Zot:2:    gammafunk_mikee_crab_dinner
Zot:3:    basic_stair_grate_trap, grunt_megastairs_5
Zot:5:    stair_cage_cross
Bailey:   bailey_polearm_5, bailey
Volcano:  volcano_village
WizLab:   wizlab_lehudib

Skill      XL: |  1  2  3  4  5  6  7  8  9 10 11 12 13 14 15 16 17 18 19 20 21 22 23 24 25 26 27 |
---------------+----------------------------------------------------------------------------------+-----
Maces & Flails | 2 3 4 5 6 7 8 10 11 12 13 14 15 16 17 18 19 20 21 | 21.3
Armour         | 3 4 5 6 7 8 9 10 11 12 13 14 15 17 19 20 21 23 | 23.3
Dodging        | 1 2 3 4 5 6 7 8 9 10 11 12 13 14 15 16 17 18 | 18.2
Shields        | 3 4 5 6 7 8 9 10 11 12 13 14 15 16 17 18 | 18.4
Fighting       | 4 5 6 7 8 9 10 11 12 13 14 15 17 18 19 20 21 23 | 23.4
Invocations    | 1 4 5 7 8 |  8.4
Throwing       | 1 |  1.5
Evocations     | 1 4 6 7 8 9 10 11 12 | 12.6

Action                   |  1- 3 |  4- 6 |  7- 9 | 10-12 | 13-15 | 16-18 | 19-21 | 22-24 | 25-27 || total
-------------------------+-------+-------+-------+-------+-------+-------+-------+-------+-------++-------
Melee: Flail             |    80 |    37 |       |       |       |       |       |       |       ||   117
       Whip              |       |    81 |   555 |   769 |  2149 |  1866 |  1591 |       |       ||  7011
       Kick              |       |       |   168 |   359 |  1001 |   986 |  1268 |  1093 |  1271 ||  6146
       Demon whip        |       |       |       |       |       |       |   712 |  1762 |  2065 ||  4539
Invok: Heroism           |       |       |     7 |    16 |    18 |    19 |    15 |    13 |    18 ||   106
       Finesse           |       |       |       |     6 |    13 |    11 |    11 |    11 |    21 ||    73
 Abil: Evoke Berserk Rag |       |       |       |       |       |       |       |     2 |     2 ||     4
Evoke: Wand              |       |       |       |       |     5 |     9 |    12 |     4 |     8 ||    38
  Use: Scroll            |     3 |     6 |     8 |    10 |    12 |    14 |    26 |    14 |    17 ||   110
       Potion            |       |     2 |       |     2 |     2 |     3 |       |     9 |    11 ||    29
 Stab: Petrified         |       |       |       |       |     3 |       |       |       |       ||     3
       Held in net/web   |       |       |       |       |       |       |     2 |       |       ||     2
       Distracted        |       |       |       |       |       |       |       |     1 |       ||     1
       Paralysed         |       |       |       |       |       |       |       |     1 |       ||     1
  Eat: Chunk             |       |     4 |    16 |     7 |    32 |    24 |    31 |    14 |    11 ||   139
       Ration            |       |       |     2 |     7 |     3 |     5 |     7 |     9 |    14 ||    47
Armor: Scale mail        |    26 |       |    16 |    34 |       |       |       |       |       ||    76
       Chain mail        |    16 |    36 |   155 |       |       |       |       |       |       ||   207
       Skin              |       |     8 |       |       |       |       |       |       |       ||     8
       Plate armour      |       |       |       |   161 |   508 |   231 |       |       |       ||   900
       Crystal plate arm |       |       |       |       |       |   329 |   740 |   425 |   447 ||  1941
Dodge: Dodged            |    21 |    20 |   106 |   165 |   494 |   315 |   456 |   357 |   415 ||  2349
Block: Shield            |    40 |    48 |   181 |   283 |   797 |       |       |       |       ||  1349
       Large shield      |       |       |       |       |   141 |  1334 |  2069 |  1213 |  1323 ||  6080
       Reflection        |       |       |       |       |    23 |    71 |   214 |    90 |    42 ||   440

Table legend:
 A = Non-vault XP
 B = Vault XP
 C = Vault XP percentage of total XP
 D = Non-vault monster count
 E = Vault monster count
 F = Vault count percentage of total count
                 A         B        C        D         E       F
            +---------+---------+-------+---------+---------+-------
      Total |  834513 |  958254 |  53.5 |    1544 |    1077 |  41.1
            +---------+---------+-------+---------+---------+-------
        D:1 |      65 |       0 |   0.0 |      35 |       0 |   0.0
        D:2 |     225 |       0 |   0.0 |      18 |       0 |   0.0
        D:3 |      87 |     521 |  85.7 |      21 |       5 |  19.2
        D:4 |     179 |     238 |  57.1 |      19 |      14 |  42.4
        D:5 |     506 |     456 |  47.4 |      18 |      41 |  69.5
        D:6 |     466 |     181 |  28.0 |      11 |       1 |   8.3
        D:7 |     719 |       0 |   0.0 |      14 |       0 |   0.0
        D:8 |     984 |       0 |   0.0 |      25 |       0 |   0.0
        D:9 |     956 |     805 |  45.7 |      19 |       1 |   5.0
       D:10 |    2532 |     875 |  25.7 |      33 |      22 |  40.0
       D:11 |    4981 |    3931 |  44.1 |      22 |      29 |  56.9
       D:12 |    6962 |     145 |   2.0 |      25 |       2 |   7.4
       D:13 |   12641 |    6662 |  34.5 |      34 |      11 |  24.4
       D:14 |    8063 |       0 |   0.0 |      30 |       0 |   0.0
       D:15 |   10903 |    4227 |  27.9 |      30 |       7 |  18.9
     Lair:1 |    4434 |     899 |  16.9 |      19 |       1 |   5.0
     Lair:2 |    3371 |       0 |   0.0 |      17 |       0 |   0.0
     Lair:3 |    3692 |    4267 |  53.6 |      10 |       7 |  41.2
     Lair:4 |    5498 |     859 |  13.5 |      16 |       1 |   5.9
     Lair:5 |    6579 |     378 |   5.4 |      25 |       4 |  13.8
     Lair:6 |   10304 |    8611 |  45.5 |      38 |      45 |  54.2
   Shoals:1 |   11804 |    2418 |  17.0 |      22 |       6 |  21.4
   Shoals:2 |   14801 |    2236 |  13.1 |      33 |       1 |   2.9
   Shoals:3 |   16083 |    5886 |  26.8 |      33 |      12 |  26.7
   Shoals:4 |    9886 |   14460 |  59.4 |      21 |      27 |  56.2
   Spider:1 |   20858 |    3819 |  15.5 |      54 |       1 |   1.8
   Spider:2 |   10130 |       0 |   0.0 |      28 |       0 |   0.0
   Spider:3 |   24618 |    2024 |   7.6 |      60 |       4 |   6.2
   Spider:4 |    7636 |   20118 |  72.5 |      21 |      42 |  66.7
      Orc:1 |    3396 |    6658 |  66.2 |      28 |      20 |  41.7
      Orc:2 |     892 |    9270 |  91.2 |      15 |      67 |  81.7
      Elf:1 |    7467 |   24218 |  76.4 |      16 |      32 |  66.7
      Elf:2 |   26067 |   28592 |  52.3 |      44 |      32 |  42.1
      Elf:3 |   17808 |   43731 |  71.1 |      31 |      28 |  47.5
   Vaults:1 |   29478 |    6582 |  18.3 |      63 |       9 |  12.5
   Vaults:2 |   50554 |   18949 |  27.3 |      75 |      32 |  29.9
   Vaults:3 |   40258 |   23619 |  37.0 |      57 |      36 |  38.7
   Vaults:4 |    7643 |   19977 |  72.3 |       9 |      31 |  77.5
   Vaults:5 |   62363 |  132687 |  68.0 |      73 |      92 |  55.8
    Crypt:1 |   28201 |       0 |   0.0 |      51 |       0 |   0.0
    Crypt:2 |   26617 |     542 |   2.0 |      39 |       2 |   4.9
    Crypt:3 |   21867 |   43909 |  66.8 |      27 |      62 |  69.7
   Depths:1 |   22328 |    1239 |   5.3 |      30 |       2 |   6.2
   Depths:2 |   41131 |     976 |   2.3 |      54 |       2 |   3.6
   Depths:3 |   24477 |   58077 |  70.4 |      29 |      51 |  63.8
   Depths:4 |       0 |  152676 | 100.0 |       0 |     104 | 100.0
   Depths:5 |   58413 |   42880 |  42.3 |      40 |      35 |  46.7
      Zot:1 |   29705 |       0 |   0.0 |      18 |       0 |   0.0
      Zot:2 |   42101 |   22268 |  34.6 |      26 |      13 |  33.3
      Zot:3 |   40474 |    7138 |  15.0 |      28 |       4 |  12.5
      Zot:4 |   11297 |       0 |   0.0 |       4 |       0 |   0.0
      Zot:5 |   40582 |  162698 |  80.0 |      25 |      38 |  60.3
     Bailey |       0 |    2963 | 100.0 |       0 |      40 | 100.0
    Volcano |       0 |     825 | 100.0 |       0 |       2 | 100.0
     WizLab |    1431 |   63764 |  97.8 |      11 |      59 |  84.3
            +---------+---------+-------+---------+---------+-------
